AoeStats
← jaclay65

Fortress

509958924Analyzed
4v4 RM · 3d ago on Sep 28, 2026· 67m 53s· 8 players
Game mode
Random Map
Map size
Huge
Population
200
Speed
Normal
Resources
Standard
Victory
Conquest
Starting age
Dark Age
Ending age
Imperial Age
RankedLock teamsTeams togetherTeam positionsShared explorationLock speedFull tech treeHidden civsTurbo modeCheats
Victory
Defeat
🇧🇷 Poles · Brazil
1364
+15
🇺🇸 Shu · United States
1325
+17
🇨🇳 Spanish · China
1321
+17
🇲🇽 Malay · Mexico
1300
+18
🇫🇷 Mongols · France
1407
-19
🇧🇪 Khitans · Belgium
1327
-16
🇧🇪 Vietnamese · Belgium
1325
-16
🇧🇪 Ethiopians · Belgium
1319
-16
jaclay65
8:13 Feudal Age
9:04 Double-Bit Axe
9:35 Horse Collar
11:56 Castle Age
11:15 Scale Barding Armor
11:22 Forging
11:28 Loom
12:18 Light Cavalry
14:50 Husbandry
16:38 Town Watch
20:41 Gold Mining
21:43 Wheelbarrow
23:10 Gold Shaft Mining
22:45 Fletching
25:17 Scale Mail Armor
24:40 Man-at-Arms
25:05 Gambesons
25:20 Squires
24:41 Pikeman
25:08 Arson
25:45 Bow Saw
25:38 Heavy Plow
29:54 Imperial Age
28:10 Bodkin Arrow
29:55 Padded Archer Armor
30:16 Chain Barding Armor
29:59 Halberdier
31:05 Chain Mail Armor
32:25 Chemistry
31:46 Ballistics
33:23 Hand Cart
34:09 Plate Barding Armor
34:31 Bracer
37:39 Leather Archer Armor
37:54 Conscription
40:11 Masonry
47:38 Plate Mail Armor
47:39 Ring Archer Armor
48:12 Two-Man Saw
47:20 Siege Engineers
47:46 Architecture
47:27 Fortified Wall
48:24 Stone Mining
49:26 Heated Shot
49:28 Guard Tower
49:35 Murder Holes
49:26 Arrowslits
49:22 Treadmill Crane
49:06 Man-at-Arms
49:09 Heavy Hei Guang Cavalry
49:57 Bolt Magazine
49:59 Coiled Serpent Array
50:36 Hoardings
54:25 Town Patrol
59:00 Caravan
59:32 Coinage
62:15 Capped Ram
63:13 Clinker Construction
64:27 Illumination
64:28 Devotion
64:42 Fervor
65:07 Shipwright
65:08 Carvel Hull
64:59 Careening
64:48 Herbal Medicine
65:39 Banking
65:20 Guilds
65:37 Atonement
66:51 Theocracy
65:50 Siege Ram
66:01 Long Swordsman
帝国新手
7:24 Feudal Age
8:26 Double-Bit Axe
11:36 Castle Age
9:55 Horse Collar
12:54 Bow Saw
13:36 Wheelbarrow
13:28 Loom
14:25 Heavy Plow
20:16 Husbandry
21:26 Bloodlines
25:37 Imperial Age
23:39 Hand Cart
23:26 Gold Mining
24:08 Scale Barding Armor
24:14 Forging
24:06 Stone Mining
25:30 Chain Barding Armor
26:21 Iron Casting
25:40 Cavalier
27:29 Plate Barding Armor
27:19 Conscription
26:59 Town Watch
27:02 Paladin
28:07 Town Patrol
29:51 Blast Furnace
31:31 Chemistry
37:36 Light Cavalry
38:18 Scale Mail Armor
43:23 Caravan
43:46 Guilds
45:53 Two-Man Saw
56:26 Ballistics
55:59 Fletching
56:10 Padded Archer Armor
59:45 Spies/Treason
67:34 Block Printing
man_mel49
6:47 Feudal Age
6:21 Double-Bit Axe
6:42 Horse Collar
13:40 Castle Age
13:20 Forging
13:34 Bow Saw
16:55 Loom
17:21 Squires
17:39 Pikeman
23:34 Iron Casting
25:22 Wheelbarrow
24:43 Fletching
27:36 Padded Archer Armor
27:44 Gold Mining
27:40 Elite Skirmisher
34:31 Imperial Age
33:09 Leather Archer Armor
33:41 Bodkin Arrow
34:29 Conscription
34:33 Bracer
36:06 Ballistics
35:51 Husbandry
35:47 Man-at-Arms
36:37 Forced Levy
37:46 Blast Furnace
38:18 Chemistry
38:36 Hand Cart
38:10 Long Swordsman
39:22 Ring Archer Armor
39:28 Arson
40:42 Two-Handed Swordsman
42:08 Coinage
41:59 Siege Engineers
42:46 Scale Barding Armor
45:26 Caravan
45:45 Elite Karambit Warrior
66:47 Town Watch
Karzul
7:37 Feudal Age
11:20 Castle Age
9:29 Horse Collar
9:39 Double-Bit Axe
13:12 Bow Saw
15:48 Wheelbarrow
16:28 Heavy Plow
22:40 Fortified Wall
24:17 Scale Mail Armor
24:48 Fletching
25:56 Szlachta Privileges
25:58 Scale Barding Armor
26:05 Bloodlines
25:56 Husbandry
29:49 Imperial Age
27:06 Loom
28:08 Forging
28:19 Chain Barding Armor
28:16 Town Watch
28:46 Hand Cart
29:05 Ballistics
30:03 Cavalier
31:19 Iron Casting
32:10 Conscription
33:28 Crop Rotation
33:17 Light Cavalry
35:48 Blast Furnace
37:24 Lechitic Legacy
36:26 Elite Obuch
36:29 Winged Hussar
40:55 Hoardings
43:42 Bodkin Arrow
44:00 Masonry
43:32 Treadmill Crane
44:56 Chemistry
43:51 Murder Holes
44:45 Bracer
44:48 Arson
45:04 Squires
45:21 Chain Mail Armor
50:30 Caravan
55:30 Gold Mining
55:32 Stone Mining
63:07 Bombard Tower
64:37 Spies/Treason
Canderous Ordo
6:37 Feudal Age
7:28 Double-Bit Axe
8:12 Domestication
9:23 Loom
13:22 Castle Age
11:58 Gold Mining
13:32 Scale Barding Armor
14:08 Scale Barding Armor
14:06 Husbandry
16:30 Bow Saw
17:27 Pastoralism
18:59 Wheelbarrow
19:10 Forging
20:37 Iron Casting
19:45 Light Cavalry
21:42 Chain Barding Armor
22:45 Hand Cart
22:24 Town Watch
26:24 Fletching
30:40 Imperial Age
29:48 Lamellar Armor
29:40 Bodkin Arrow
29:46 Padded Archer Armor
30:31 Ballistics
30:53 Scale Mail Armor
30:56 Squires
30:42 Arson
32:00 Plate Barding Armor
31:45 Guilds
31:41 Bracer
32:03 Conscription
33:06 Transhumance
33:43 Two-Man Saw
32:11 Heavy Camel Rider
33:27 Chain Mail Armor
34:56 Thumb Ring
35:20 Masonry
34:51 Treadmill Crane
35:13 Elite Skirmisher
37:13 Leather Archer Armor
38:00 Chemistry
36:57 Murder Holes
37:32 Imperial Skirmisher
38:56 Ring Archer Armor
38:36 Siege Engineers
38:43 Stone Mining
39:29 Ordo Cavalry
41:08 Fortified Wall
40:28 Hussar
41:51 Plate Mail Armor
47:41 Elite Liao Dao
Arrille
7:51 Feudal Age
11:52 Castle Age
9:48 Double-Bit Axe
10:17 Horse Collar
12:54 Bow Saw
15:17 Heavy Plow
17:26 Wheelbarrow
21:36 Forging
24:19 Hand Cart
25:19 Scale Mail Armor
32:00 Imperial Age
30:15 Loom
30:16 Town Watch
30:40 Fletching
30:51 Padded Archer Armor
31:16 Bodkin Arrow
31:23 Crossbowman
33:55 Chemistry
33:46 Conscription
34:36 Iron Casting
34:12 Arbalester
34:53 Bracer
36:09 Iron Casting
41:30 Blast Furnace
49:51 Masonry
49:53 Fortified Wall
sus
6:31 Feudal Age
6:58 Double-Bit Axe
6:54 Horse Collar
8:33 Wheelbarrow
12:11 Castle Age
12:21 Gold Mining
13:22 Bow Saw
14:17 Heavy Plow
15:36 Loom
18:21 Fletching
18:05 Crossbowman
20:28 Thumb Ring
21:21 Bodkin Arrow
22:40 Hand Cart
27:05 Imperial Age
24:49 Padded Archer Armor
24:11 Elite Skirmisher
24:39 Town Watch
25:59 Leather Archer Armor
27:13 Chatras
28:51 Two-Man Saw
27:23 Arbalester
29:52 Bracer
30:23 Ring Archer Armor
31:11 Hoardings
30:53 Fortified Wall
30:53 Masonry
31:45 Chemistry
31:40 Ballistics
31:52 Crop Rotation
32:22 Scale Mail Armor
32:32 Forging
31:43 Pikeman
32:24 Squires
34:53 Halberdier
Baron Morg Von Wigard
7:41 Feudal Age
11:23 Castle Age
9:54 Loom
11:42 Double-Bit Axe
11:40 Horse Collar
13:03 Bow Saw
18:49 Wheelbarrow
18:30 Heavy Plow
19:32 Fletching
28:48 Hand Cart
33:09 Bloodlines
32:59 Husbandry
33:06 Thumb Ring
33:20 Stone Mining
33:21 Gold Mining
34:08 Town Watch
40:45 Nomads
43:25 Bodkin Arrow
44:19 Ballistics
53:51 Murder Holes
57:34 Imperial Age
56:16 Padded Archer Armor
Connection lost

Rejoining the realm…

Still unreachable

The connection could not be restored.

Session expired

The server has moved on; the page needs a fresh start.